AoeStats
← Escobar Rat

Arena

509270101Analyzed
4v4 RM · 7d ago on Sep 26, 2026· 32m 52s· 8 players
Game mode
Random Map
Map size
Large (8 player)
Population
200
Speed
Normal
Resources
Standard
Victory
Conquest
Starting age
Dark Age
Ending age
Imperial Age
RankedLock teamsTeams togetherTeam positionsShared explorationLock speedFull tech treeHidden civsTurbo modeCheats
Victory
Defeat
🇨🇴 Bohemians · Colombia
809
+15
🇨🇴 Persians · Colombia
805
+15
🇲🇽 Malay · Mexico
800
+15
🇨🇴 Romans · Colombia
729
+19
🇨🇴 Maya · Colombia
823
-18
🇦🇺 Tatars · Australia
813
-17
🇭🇰 Burgundians · Hong Kong SAR China
751
-15
🇧🇷 Khmer · Brazil
747
-14
Atomicz 420
0:31 Loom
12:17 Feudal Age
18:01 Castle Age
16:19 Double-Bit Axe
16:19 Horse Collar
20:17 Bow Saw
20:11 Heavy Plow
27:59 Husbandry
28:09 Bloodlines
30:37 Gold Mining
30:38 Stone Mining
Escobar Rat
0:29 Loom
14:26 Feudal Age
15:30 Double-Bit Axe
17:50 Wheelbarrow
22:33 Castle Age
25:05 Bow Saw
29:56 Chemistry
l Son Goku l930
11:40 Feudal Age
12:43 Double-Bit Axe
12:42 Horse Collar
19:31 Castle Age
27:01 Pikeman
27:43 Squires
28:24 Heavy Plow
28:24 Gold Mining
28:46 Scale Mail Armor
29:16 Bow Saw
34:16 Imperial Age
Sow
0:32 Loom
11:38 Feudal Age
12:40 Double-Bit Axe
12:39 Horse Collar
18:24 Castle Age
17:18 Gold Mining
19:00 Stone Mining
21:56 Gold Shaft Mining
22:02 Stone Shaft Mining
24:53 Forging
25:12 Husbandry
26:04 Man-at-Arms
28:12 Heavy Plow
34:25 Imperial Age
33:36 Ballistics
33:11 Murder Holes
33:29 Masonry
songshu512
12:10 Double-Bit Axe
12:11 Horse Collar
14:24 Feudal Age
15:10 Heavy Plow
15:25 Bow Saw
17:27 Gold Mining
17:31 Stone Mining
19:00 Gold Shaft Mining
19:16 Wheelbarrow
19:57 Wheelbarrow
22:27 Hand Cart
24:42 Castle Age
23:20 Hand Cart
24:49 Forging
24:42 Scale Mail Armor
24:49 Scale Barding Armor
25:56 Husbandry
26:09 Pikeman
26:53 Squires
27:45 Crop Rotation
28:17 Two-Man Saw
28:06 Stone Shaft Mining
28:12 Iron Casting
27:53 Chain Mail Armor
27:59 Chain Barding Armor
28:24 Town Watch
28:26 Loom
js.paredesm
10:37 Feudal Age
11:05 Double-Bit Axe
12:45 Horse Collar
14:56 Man-at-Arms
19:25 Arson
23:13 Castle Age
21:45 Forging
24:28 Bow Saw
24:19 Heavy Plow
26:23 Crossbowman
26:58 Fletching
28:39 Gold Mining
28:41 Stone Mining
28:37 Treadmill Crane
29:38 Padded Archer Armor
31:12 Stone Shaft Mining
MylordSoares
12:07 Feudal Age
17:28 Castle Age
15:54 Horse Collar
16:01 Double-Bit Axe
20:24 Bow Saw
20:15 Heavy Plow
21:37 Gold Mining
21:37 Stone Mining
Old Mate
Connection lost

Rejoining the realm…

Still unreachable

The connection could not be restored.

Session expired

The server has moved on; the page needs a fresh start.